 Dungeon Crawl Stone Soup version 0.22-a0-293-gc9362ec (webtiles) character file.

4673 Amnesiac the Skirmisher (level 10, -2/86 HPs)
             Began as a Demigod Wizard on Mar 25, 2018.
             Slain by a two-headed ogre
             ... wielding a +0 giant spiked club
              (27 damage)
             ... on level 9 of the Dungeon.
             The game lasted 00:16:01 (9358 turns).

Amnesiac the Skirmisher (Demigod Wizard)            Turns: 9358, Time: 00:16:01

Health: -2/86      AC:  6    Str: 10    XL:     10   Next: 1%
Magic:  24/32      EV: 15    Int: 31    God:
Gold:   587        SH:  0    Dex: 14    Spells: 10/21 levels left

rFire    . . .     SeeInvis .   a - +12 flail of Dim Light {crush, MP+9}
rCold    + . .     Gourm    .   (no shield)
rNeg     . . .     Faith    .   o - +1 leather armour {rC+}
rPois    .         Spirit   .   k - +0 hat
rElec    .         Reflect  .   i - +0 cloak
rCorr    .         Harm     .   (no gloves)
MR       +....                  I - +0 pair of boots
Stlth    +.........             v - amulet of the acrobat
HPRegen  0.24/turn              c - +3 ring of intelligence
MPRegen  0.23/turn              t - ring of wizardry

@: drained
A: high mp 1
a: no special abilities


You were on level 9 of the Dungeon.
You were not hungry.

You visited 1 branch of the dungeon, and saw 9 of its levels.
You also visited: Sewer.

You collected 587 gold pieces.

Inventory:

Hand Weapons
 a - the +12 flail of Dim Light (weapon) {crush, MP+9}
   (You found it on level 6 of the Dungeon)

   It inflicts extra damage upon your enemies.
   It affects your magic capacity (+9).
 J - the +6 trident of Tuf Kil {flame, rElec}
   (You found it on level 8 of the Dungeon)

   It has been specially enchanted to burn those struck by it, causing extra
   injury to most foes and up to half again as much damage against particularly
   susceptible opponents.
   It insulates you from electricity.
Missiles
 s - 53 poisoned needles
 C - 5 curare-tipped needles
Armour
 i - a +0 cloak (worn)
 k - a +0 hat (worn)
 o - a +1 leather armour of cold resistance (worn)
 I - a +0 pair of boots (worn)
Magical Staves
 b - an uncursed staff of wizardry
 f - an uncursed staff of earth
Jewellery
 c - a +3 ring of intelligence (left hand)
 t - a ring of wizardry (right hand)
 v - an amulet of the acrobat (around neck)
 x - a +5 ring of evasion {unknown}
Wands
 g - a wand of acid (14)
 u - a wand of iceblast (9)
Scrolls
 e - 3 scrolls of fear {!r}
 j - 8 scrolls of teleportation {!r}
 l - a scroll of magic mapping {!r}
 m - 3 scrolls of remove curse {!r}
 n - 3 scrolls of identify {!r}
 w - 2 scrolls of blinking {!r}
 y - 3 scrolls of enchant armour {!r}
 z - 2 scrolls of fog {!r, unknown}
 F - a scroll of vulnerability {!r, unknown}
Potions
 p - a potion of berserk rage {!q}
 q - 3 potions of might {!q}
 r - 5 potions of curing {!q}
 A - a potion of brilliance {!q, unknown}
 B - 3 potions of degeneration {!q, unknown}
 D - 2 potions of invisibility {!q, unknown}
 E - 6 potions of flight {!q, unknown}
 G - 2 potions of heal wounds {!q, unknown}
 H - a potion of haste {!q, unknown}
Comestibles
 d - 15 rations


   Skills:
 * Level 7.2(6.4) Fighting
 * Level 7.1(6.3) Dodging
 - Level 1.7(1.0) Stealth
 + Level 6.0(5.2) Spellcasting
 + Level 7.2(6.3) Conjurations
 - Level 0.8(0.1) Summonings
 - Level 0.8(0.1) Translocations


You had 10 spell levels left.
You knew the following spells:

 Your Spells              Type           Power        Failure   Level  Hunger
a - Magic Dart            Conj           ####         1%          1    None
b - Call Imp              Summ           #.......     4%          2    None
e - Mephitic Cloud        Conj/Pois/Air  ###.....     3%          3    None
s - Conjure Flame         Conj/Fire      ####....     2%          3    None
v - Blink                 Tloc           N/A          4%          2    None


Dungeon Overview and Level Annotations

Branches:
Dungeon (9/15)             Temple (0/1) D:4            Lair (0/6) D:8
    Orc: D:9-12

Shops:
D:5 (

Annotations:
D:8 exclusions: orange crystal statue and 1 more exclusion
D:9 3 exclusions


Innate Abilities, Weirdness & Mutations

You have an increased reservoir of magic. (+10% MP)


Message History

The two-headed ogre is moderately wounded.
Casting: Magic Dart (safe; 1% risk of failure)
Confirm with . or Enter, or press ? or * to list all spells.
Aiming: Magic Dart (safe; 1% risk of failure)
Press: ? - help, Shift-Dir - straight line, f/p - two-headed ogre
Aim: a two-headed ogre, wielding a giant spiked club and a giant club (lightly wounded)
The magic dart hits the two-headed ogre.
The two-headed ogre is moderately wounded.
Casting: Magic Dart (safe; 1% risk of failure)
Confirm with . or Enter, or press ? or * to list all spells.
Aiming: Magic Dart (safe; 1% risk of failure)
Press: ? - help, Shift-Dir - straight line, f/p - two-headed ogre
Aim: a two-headed ogre, wielding a giant spiked club and a giant club (lightly wounded)
The magic dart hits the two-headed ogre.
The two-headed ogre is lightly wounded.
You swap places.
The two-headed ogre completely misses your crimson imp.
The two-headed ogre closely misses your crimson imp.
Your crimson imp blinks!
Casting: Magic Dart (safe; 1% risk of failure)
Confirm with . or Enter, or press ? or * to list all spells.
Aiming: Mephitic Cloud (safe; 3% risk of failure)
Press: ? - help, Shift-Dir - straight line, f/p - two-headed ogre
Aim: a two-headed ogre, wielding a giant spiked club and a giant club (lightly wounded)
The ball explodes into a vile cloud!
The stinking cloud engulfs the two-headed ogre.
The two-headed ogre is lightly wounded.
The two-headed ogre is engulfed in noxious fumes.
Casting: Mephitic Cloud (safe; 3% risk of failure)
Confirm with . or Enter, or press ? or * to list all spells.
Aiming: Mephitic Cloud (safe; 3% risk of failure)
Press: ? - help, Shift-Dir - straight line, f/p - two-headed ogre
Aim: a two-headed ogre, wielding a giant spiked club and a giant club (lightly wounded)
The ball explodes into a vile cloud!
The stinking cloud engulfs the two-headed ogre.
The two-headed ogre is lightly wounded.
You hear a shout!
The two-headed ogre is engulfed in noxious fumes.
You thump the two-headed ogre!
The two-headed ogre is moderately wounded.
The two-headed ogre is engulfed in noxious fumes.
The two-headed ogre misses you. The two-headed ogre barely misses you.
You sock the two-headed ogre!
The two-headed ogre is heavily wounded.
Your crimson imp disappears in a puff of smoke!
The two-headed ogre is engulfed in noxious fumes.
The two-headed ogre hits you with a giant spiked club!!
The two-headed ogre hits you with a giant club!
You sock the two-headed ogre!
The two-headed ogre is almost dead.
The two-headed ogre is engulfed in noxious fumes.
The two-headed ogre hits you with a giant spiked club!!
* * * LOW HITPOINT WARNING * * *
The two-headed ogre misses you.
Casting: Mephitic Cloud (safe; 3% risk of failure)
Confirm with . or Enter, or press ? or * to list all spells.
Aiming: Magic Dart (safe; 1% risk of failure)
Press: ? - help, Shift-Dir - straight line, f/p - two-headed ogre
Aim: a two-headed ogre, wielding a giant spiked club and a giant club (almost dead)
The magic dart hits the two-headed ogre.
The two-headed ogre is almost dead.
The two-headed ogre barely misses you.
The two-headed ogre hits you with a giant club!!
You die...

..# #..# #+.....)#
..# #..# #.......#
#.# #..##+.......'
#.# #..##....8....
#.###..##+.......'
#......# #.......#
#.ยง#...###+.....+#
#O.#....# ##...##
#@.#..#.###8...8##
#..#..#...##...##.
#..#..###.........
#..#..# ####..#...
#..#..######..#...
#..#..............
...#...####..##...
#..#...# #..##...
#...# #..##...


You could see a two-headed ogre.

Vanquished Creatures
  An ice statue (D:8)
  A gargoyle (D:9)
  A spriggan (D:7)
  Sigmund (D:2)
  Eustachio (D:6)
  2 wargs (D:8)
  A water moccasin (D:7)
  2 orc warriors (D:8)
  3 ice beasts (D:7)
  A phantom (D:8)
  A necrophage (D:8)
  A centaur (D:4)
  5 ogres
  A big kobold (D:7)
  5 bullfrogs
  8 wights
  A howler monkey (D:6)
  2 crimson imps (D:8)
  4 jellies
  8 orc priests
  3 hounds
  Crazy Yiuf (D:2)
  A bullfrog skeleton (D:7)
  An iguana (D:4)
  9 orc wizards
  8 worker ants
  A hound zombie (D:7)
  11 adders
  A river rat (D:6)
  2 shadow imps
  7 oozes
  2 adder skeletons
  12 worms
  11 leopard geckos
  25 orcs
  3 ball pythons
  17 bats
  11 giant cockroaches
  8 goblins
  7 hobgoblins
  8 jackals
  3 quokkas
  6 frilled lizards
  14 kobolds
  2 quokka skeletons (D:4)
  11 rats
235 creatures vanquished.

Notes
Turn   | Place    | Note
-------+----------+-------------------------------------------
     0 | D:1      | Amnesiac the Demigod Wizard began the quest for the Orb.
     0 | D:1      | Reached XP level 1. HP: 14/14 MP: 6/6
    46 | D:1      | Reached skill level 1 in Conjurations
   339 | D:1      | Reached XP level 2. HP: 20/20 MP: 8/8
   395 | D:1      | Learned a level 2 spell: Call Imp
  1103 | D:2      | Reached XP level 3. HP: 19/26 MP: 0/10
  1108 | D:2      | Learned a level 3 spell: Mephitic Cloud
  1629 | D:2      | Noticed Sigmund
  1682 | D:2      | Killed Sigmund
  1682 | D:2      | Reached XP level 4. HP: 13/33 MP: 1/12
  1682 | D:2      | Reached XP level 5. HP: 15/38 MP: 1/13
  2061 | D:2      | Found a runed door.
  2065 | D:2      | Noticed Crazy Yiuf
  2075 | D:2      | Killed Crazy Yiuf
  2160 | D:2      | Found a glowing golden altar of the Shining One.
  2369 | D:3      | Learned a level 3 spell: Conjure Flame
  2372 | D:3      | Learned a level 2 spell: Blink
  2424 | D:3      | Reached skill level 1 in Fighting
  2458 | D:3      | Reached XP level 6. HP: 47/47 MP: 10/15
  2867 | D:3      | Reached skill level 5 in Conjurations
  3734 | D:4      | Reached XP level 7. HP: 56/56 MP: 12/16
  4334 | D:4      | Found a staircase to the Ecumenical Temple.
  4562 | D:5      | Entered Level 5 of the Dungeon
  4781 | D:5      | Found a hazy altar of Hepliaklqana.
  4821 | D:5      | Found an opulent altar of Gozag.
  4824 | D:5      | Found Tacs's Weapon Shoppe.
  5469 | D:6      | Reached XP level 8. HP: 66/66 MP: 11/18
  5471 | D:6      | Found a shadowy altar of Dithmenos.
  5561 | D:6      | Got a translucent flail
  5565 | D:6      | Identified the +12 flail of Dim Light {crush, MP+9} (You found it on level 6 of the Dungeon)
  5657 | D:6      | Reached skill level 5 in Spellcasting
  5673 | D:6      | Noticed Eustachio
  5690 | D:6      | Killed Eustachio
  5690 | D:6      | Reached skill level 5 in Fighting
  5896 | D:6      | Reached skill level 5 in Dodging
  5920 | D:6      | Found a glowing drain.
  5935 | Sewer    | Entered a sewer
  6801 | D:7      | Reached XP level 9. HP: 70/74 MP: 20/20
  7860 | D:8      | Got an ichor-stained trident
  7863 | D:8      | Identified the +6 trident of Tuf Kil {flame, rElec} (You found it on level 8 of the Dungeon)
  7877 | D:8      | Found an iron altar of Okawaru.
  8190 | D:8      | Found a staircase to the Lair.
  8466 | D:8      | Noticed an ice statue
  8563 | D:8      | Killed an ice statue
  8648 | D:8      | Found a bloodstained altar of Trog.
  8650 | D:8      | Noticed a wizard
  8948 | D:8      | Noticed an orange crystal statue
  9117 | D:9      | Noticed a gargoyle
  9124 | D:9      | Killed a gargoyle
  9124 | D:9      | Reached XP level 10. HP: 59/86 MP: 23/23
  9344 | D:9      | Noticed a two-headed ogre
  9358 | D:9      | Slain by a two-headed ogre

Vault maps used:
D:1:      shiori_arrival_maze
D:2:      lemuel_doored_altar, grunt_decor_arrowhead, uniq_sigmund,
          uniq_crazy_yiuf_cottage
D:3:      kennysheep_generic_room_14
D:4:      minmay_temple_entry_butterflies
D:5:      lemuel_crystal_altar, first_ration, serial_shops, shop,
          columned_hall_lemuel, nicolae_gozag_seed_capital
D:6:      grunt_dithmenos_smoke, portal_sewer_entry_e, uniq_eustachio
D:7:      the_bakery
D:8:      minmay_separated_statues, okawaru_metal_pillars_3,
          erik_lair_orcish_takeover, grunt_ministairs_3, trog_wizard
D:9:      cheibrodos_statue_roulette, grunt_temple_overflow_opulence,
          lemuel_round_altar
Sewer:    sewer_fruit_machine

Skill      XL: |  1  2  3  4  5  6  7  8  9 |
---------------+----------------------------+-----
Conjurations   | 1 2 4 5 6 7 |  7.2
Spellcasting   | 3 4 5 6 |  6.0
Fighting       | 1 2 4 5 7 |  7.2
Dodging        | 2 3 5 7 |  7.1
Stealth        | |  1.7
Summonings     | |  0.8
Translocations | |  0.8

Action                   |  1- 3 |  4- 6 |  7- 9 | 10-12 || total
-------------------------+-------+-------+-------+-------++-------
Melee: Short sword       |    48 |       |       |       ||    48
       Unarmed           |     2 |       |       |       ||     2
       Quarterstaff      |       |    36 |    25 |       ||    61
       Flail             |       |       |   233 |     3 ||   236
 Cast: Magic Dart        |    69 |    94 |   260 |     5 ||   428
       Mephitic Cloud    |     2 |     4 |     7 |     2 ||    15
       Blink             |       |     1 |     2 |       ||     3
       Conjure Flame     |       |       |     4 |       ||     4
       Call Imp          |       |       |       |     1 ||     1
Evoke: Wand              |       |       |     5 |       ||     5
  Use: Potion            |     1 |       |     1 |       ||     2
       Scroll            |       |     5 |    10 |       ||    15
 Stab: Sleeping          |     4 |     3 |     2 |       ||     9
  Eat: Chunk             |     2 |     7 |    18 |       ||    27
Armor: Robe              |     9 |     2 |     6 |       ||    17
       Skin              |     2 |     4 |     3 |       ||     9
       Leather armour    |       |       |    67 |       ||    67
Dodge: Dodged            |    34 |    35 |   293 |     4 ||   366

Table legend:
 A = Spawn XP
 B = Non-spawn XP
 C = Spawn XP percentage of total XP
 D = Spawn monster count
 E = Non-spawn monster count
 F = Spawn count percentage of total count
 G = Total turns spent on level
                    A         B        C        D         E        F      G
               +---------+---------+-------+---------+---------+-------+---------
         Total |       0 |    6676 |   0.0 |       0 |     235 |   0.0 |  9358
               +---------+---------+-------+---------+---------+-------+---------
           D:1 |       0 |      26 |   0.0 |       0 |      17 |   0.0 |  1074
           D:2 |       0 |     451 |   0.0 |       0 |      33 |   0.0 |  1472
           D:3 |       0 |     289 |   0.0 |       0 |      26 |   0.0 |   897
           D:4 |       0 |     682 |   0.0 |       0 |      27 |   0.0 |  1119
           D:5 |       0 |     234 |   0.0 |       0 |      15 |   0.0 |   856
           D:6 |       0 |    1032 |   0.0 |       0 |      29 |   0.0 |   609
           D:7 |       0 |    1236 |   0.0 |       0 |      24 |   0.0 |  1230
           D:8 |       0 |    2191 |   0.0 |       0 |      33 |   0.0 |  1280
           D:9 |       0 |     444 |   0.0 |       0 |       3 |   0.0 |   338
         Sewer |       0 |      91 |   0.0 |       0 |      28 |   0.0 |   483
               +---------+---------+-------+---------+---------+-------+---------
